 Dungeon Crawl Stone Soup version 0.21-a0-440-g28109cb (webtiles) character file.

107 Gorice the Poker (level 4, -11/32 HPs)
             Began as a Demonspawn Wanderer on Nov 11, 2017.
             Was an Initiate of Qazlal.
             Mangled by an ogre
             ... wielding a +0 giant club
              (15 damage)
             ... on level 4 of the Dungeon.
             The game lasted 00:08:23 (2300 turns).

Gorice the Poker (Demonspawn Wanderer)              Turns: 2300, Time: 00:08:24

Health: -11/32     AC:  9    Str: 15    XL:     4   Next: 57%
Magic:  5/5        EV: 10    Int: 15    God:    Qazlal [......]
Gold:   53         SH:  0    Dex: 11    Spells: 5/5 levels left

rFire    . . .     SeeInvis +   a - +2 spear
rCold    + . .     Gourm    .   (no shield)
rNeg     . . .     Faith    .   w - +1 ring mail of Vlad {rC+ Str+2}
rPois    .         Spirit   .   n - +1 hat
rElec    .         Reflect  .   (no cloak)
rCorr    .         Harm     .   (no gloves)
MR       +....                  (no boots)
Stlth    +.........             (no amulet)
HPRegen  0.10/turn              l - ring of protection from magic (curse)
MPRegen  0.09/turn              Z - ring of see invisible

@: no status effects
A: molten scales 1, powered by pain 2
a: Renounce Religion


You were on level 4 of the Dungeon.
You worshipped Qazlal.
Qazlal was noncommittal.
You were hungry.

You visited 1 branch of the dungeon, and saw 4 of its levels.

You collected 53 gold pieces.

Inventory:

Hand Weapons
 a - a +2 spear (weapon)
 t - a +0 trident
 v - a +0 whip of pain
   (You found it on level 4 of the Dungeon)
Missiles
 i - 20 sling bullets
 j - 95 bolts
 Y - 60 stones (quivered)
Armour
 b - a +0 ring mail
 e - a +0 chain mail
 n - a +1 hat (worn)
 w - the +1 ring mail of Vlad (worn) {rC+ Str+2}
   (You found it on level 4 of the Dungeon)

   It affects your strength (+2).
   It protects you from cold.
Jewellery
 l - a cursed ring of protection from magic (left hand)
 Z - a ring of see invisible (right hand)
Scrolls
 f - a scroll of fear {!r}
 x - a scroll of fog {unknown}
Potions
 g - a potion of berserk rage {unknown}
 k - a potion of ambrosia
 o - a potion of flight {unknown}
 p - 7 potions of curing
 q - a potion of degeneration {unknown}
 r - a potion of magic {unknown}
 s - 2 potions of might {unknown}
 u - a potion of brilliance {unknown}
Books
 c - the Tome of the Special Wishes

   Spells                             Type                      Level
   a - Sandblast                      Earth                        1
   b - Stone Arrow                    Conjuration/Earth            3
Comestibles
 d - 3 bread rations {!e}
 h - 2 meat rations {!e}
 m - a royal jelly


   Skills:
 - Level 1.0 Fighting
 * Level 3.1 Polearms
 + Level 2.9 Armour
 - Level 1.0 Stealth
 - Level 1.0 Spellcasting
   Level 1.7 Earth Magic
   Level 2.0 Poison Magic
   Level 1.0 Evocations


You had 5 spell levels left.
You didn't know any spells.

Dungeon Overview and Level Annotations

Branches:
Dungeon (4/15)
 Temple: D:4-7

Altars:
Nemelex Xobeh
Qazlal
The Shining One

Annotations:
D:3 1 runed door
D:4 arkorax's ghost, novice TeBe


Innate Abilities, Weirdness & Mutations

You are partially covered in molten scales. (AC +2)
You sometimes gain power by taking damage.


Message History

Arkorax's ghost barely misses you.
Items here: ))) [ a flail; a falchion; a club; a leather armour
There is an open door here.
Arkorax's ghost shrieks, "I was like you once."
Arkorax's ghost yells, "Who would have thought, even in death it is a pleasure to sever!"
Arkorax's ghost whispers, "There is no future for you."
Arkorax's ghost lets out a mournful wail.
There is a stone staircase leading up here.
Arkorax's ghost closely misses you.
You climb upwards.
Level annotation: 1 runed door
There is a stone staircase leading down here.
There is a stone staircase leading down here.
You climb downwards.
Level annotation: arkorax's ghost, novice TeBe An ogre comes into view.
It is wielding a giant club.
The ogre barely misses you.
There is a stone staircase leading up here.
You are feeling hungry.
You hit the ogre.
The ogre is moderately wounded.
The ogre barely misses you.
You hit the ogre.
The ogre is moderately wounded.
The ogre hits you with a giant club.
Damage: 4 (max 4)
You hit the ogre.
The ogre is heavily wounded.
The ogre hits you with a giant club!
Damage: 11 (max 11)
You puncture the ogre!
The ogre is severely wounded.
You hit the ogre.
The ogre is almost dead.
The ogre hits you with a giant club!
* * * LOW HITPOINT WARNING * * *
Damage: 9 (max 11)
You are too injured to fight recklessly!
Unknown command.
You barely miss the ogre.
The ogre is almost dead.
The ogre hits you with a giant club.
* * * LOW HITPOINT WARNING * * *
Damage: 4 (max 11) Unknown command.
You hit the ogre but do no damage.
The ogre is almost dead.
The ogre hits you with a giant club!
You die...

#......W.#..$#
#........#...#
#......W.#...#
#....%...#.##
#........#..
#........#.#
'#######.#
.........#.#
......O@...#
######.###.#
... ###. ##


You could see an ogre.

Vanquished Creatures
  Terence (D:3)
  2 adders (D:2)
  2 oozes
  A dart slug (D:1)
  4 leopard geckos
  4 orcs
  5 bats
  3 giant cockroaches
  3 hobgoblins
  8 frilled lizards
  5 goblins
  6 kobolds
  7 rats
51 creatures vanquished.

Notes
Turn   | Place    | Note
-------+----------+-------------------------------------------
     0 | D:1      | Gorice the Demonspawn Wanderer began the quest for the Orb.
     0 | D:1      | Gorice set off with: a +2 spear, a +0 ring mail, the Tome of the Special Wishes, a bread ration {!e}
     0 | D:1      | Reached XP level 1. HP: 15/15 MP: 2/2
     0 | D:1      | Identified the Tome of the Special Wishes
    19 | D:1      | Reached skill level 1 in Polearms
    19 | D:1      | Reached skill level 2 in Armour
    95 | D:1      | Gained mutation: You sometimes gain a little power by taking damage. [demonic ancestry]
    95 | D:1      | Reached XP level 2. HP: 17/21 MP: 3/3
   242 | D:1      | HP: 6/21 [leopard gecko (3)]
   247 | D:1      | HP: 4/21 [hobgoblin/club (2)]
   733 | D:2      | Reached skill level 2 in Polearms
   733 | D:2      | Gained mutation: You are partially covered in molten scales. (AC +2) [demonic ancestry]
   733 | D:2      | Reached XP level 3. HP: 19/26 MP: 4/4
  1057 | D:2      | Found a stormy altar of Qazlal.
  1062 | D:2      | Became a worshipper of Qazlal Stormbringer
  1125 | D:2      | arkorax: dude
  1125 | D:2      | arkorax: i got your orbrun ghost on D2
  1125 | D:2      | Gorice: that was quick, I only just died there!
  1125 | D:2      | arkorax: i mean
  1125 | D:2      | arkorax: thats bugged
  1125 | D:2      | arkorax: orbrun should not generate ghosts
  1125 | D:2      | Gorice: I guess not
  1125 | D:2      | arkorax: dang that sux
  1125 | D:2      | arkorax: pan lords on orbrun :/
  1125 | D:2      | Gorice: Yes got killed by iron shot from pan lord
  1125 | D:2      | Gorice: would have been bad ghost
  1125 | D:2      | Gorice: as had boots of running
  1184 | D:2      | Found a sparkling altar of Nemelex Xobeh.
  1184 | D:2      | Found a glowing golden altar of the Shining One.
  1254 | D:3      | Noticed Terence
  1264 | D:3      | Killed Terence
  1264 | D:3      | Gained mutation: You sometimes gain power by taking damage. [demonic ancestry]
  1264 | D:3      | Reached XP level 4. HP: 24/32 MP: 5/5
  1348 | D:3      | Reached skill level 3 in Polearms
  1477 | D:3      | Found a runed door.
  2150 | D:4      | Got an encrusted ring mail
  2161 | D:4      | Identified the +1 ring mail of Vlad {rC+ Str+2} (You found it on level 4 of the Dungeon)
  2189 | D:4      | Noticed arkorax's ghost (novice TeBe)
  2190 | D:4      | Gorice: heh - poetic justice!
  2190 | D:4      | arkorax: haha
  2190 | D:4      | arkorax: only that
  2190 | D:4      | arkorax: this guy is lvl 4
  2190 | D:4      | arkorax: while yours was 27 haha
  2190 | D:4      | Gorice: yes fair point, hopfully can run away!
  2293 | D:4      | Noticed an ogre
  2298 | D:4      | HP: 8/32 [ogre/giant club (9)]
  2300 | D:4      | Mangled by an ogre

Vault maps used:
D:1:      dpeg_arrival_rooms_b, minmay_tromino_i4
D:2:      grunt_qazlal_clouds, gammafunk_temple_overflow_statue
D:3:      kennysheep_generic_room_15, uniq_crazy_yiuf_cottage, uniq_terence
D:4:      first_bread, minivault_25, mrwooster_statue_mirror, minmay_hedge_maze

Skill      XL: |  1  2  3  4 |
---------------+-------------+-----
Polearms       | 1 2 3 |  3.1
Armour         | 2 |  2.9
Fighting       | |  1.0
Stealth        | |  1.0
Spellcasting   | |  1.0
Earth Magic    | |  1.7
Poison Magic   | |  2.0
Evocations     | |  1.0

Action                   |  1- 3 |  4- 6 || total
-------------------------+-------+-------++-------
Melee: Spear             |   133 |    46 ||   179
Throw: Stone             |     3 |       ||     3
  Use: Scroll            |     4 |     1 ||     5
  Eat: Chunk             |     1 |     3 ||     4
Armor: Ring mail         |     3 |       ||     3
       Chain mail        |    65 |    15 ||    80
Dodge: Dodged            |    28 |     9 ||    37

Table legend:
 A = Spawn XP
 B = Non-spawn XP
 C = Spawn XP percentage of total XP
 D = Spawn monster count
 E = Non-spawn monster count
 F = Spawn count percentage of total count
 G = Total turns spent on level
                    A         B        C        D         E        F      G
               +---------+---------+-------+---------+---------+-------+---------
         Total |       0 |     154 |   0.0 |       0 |      51 |   0.0 |  2300
               +---------+---------+-------+---------+---------+-------+---------
           D:1 |       0 |      38 |   0.0 |       0 |      22 |   0.0 |   713
           D:2 |       0 |      48 |   0.0 |       0 |      16 |   0.0 |   541
           D:3 |       0 |      52 |   0.0 |       0 |       9 |   0.0 |   812
           D:4 |       0 |      16 |   0.0 |       0 |       4 |   0.0 |   234
               +---------+---------+-------+---------+---------+-------+---------

Table legend:
 A = Turns spent in this place as a percentage of turns spent in the entire game.
 B = Non-inter-level travel turns spent in this place as a percentage of non-inter-level travel turns spent in the entire game.
 C = Inter-level travel turns spent in this place as a percentage of turns spent in this place.
 D = Turns resting spent in this place as a percentage of non-inter-level travel turns spent in this place.
 E = Turns spent auto-exploring this place as a percentage of non-inter-level travel turns spent in this place.
 F = Non-inter-level travel turns spent in this place divided by the number of levels of this place that you've seen.
                   A       B       C       D       E      F
               +-------+-------+-------+-------+-------+----------------------
         Total | 100.0 | 100.0 |   4.2 |  10.3 |  59.4 | 551.0
       Dungeon | 100.0 | 100.0 |   4.2 |  10.3 |  59.4 | 551.0
               +-------+-------+-------+-------+-------+----------------------

Vault maps used:
D:1:      dpeg_arrival_rooms_b, minmay_tromino_i4
D:2:      grunt_qazlal_clouds, gammafunk_temple_overflow_statue
D:3:      kennysheep_generic_room_15, uniq_crazy_yiuf_cottage, uniq_terence
D:4:      first_bread, minivault_25, mrwooster_statue_mirror, minmay_hedge_maze
